Map: Ley Lines

Players

Highdra

  • Race: Protoss Protoss
  • League: Master
  • Spawn Location: 7:00

LiquidElazer (Elazer) - Winner!

  • Race: Zerg Zerg
  • Spawn Location: 1:00

Event: HomeStory Cup XXVII

VOD

Have the link to the VOD?

Description

Time

  • Played on: June 28, 2025, 7:50 a.m.
  • Length: 6:23

All games in this series

Show
View Real Time Build Order
Export as new Build Order

Highdra Protoss 

Build Orders: 1 Gate Expand, Oracle Opening 

Get SALT Encoding   

  12  0:00  Probe  
  13  0:12  Probe  
  14  0:19  Pylon  
  14  0:24  Probe  
  15  0:35  Probe  
  15  0:40  Gateway  
  16  0:43  Probe  
  16  0:48  Assimilator  
  17  0:51  Probe  
  18  1:03  Probe  
  19  1:16  Probe  
  20  1:24  Nexus  
  20  1:32  Cybernetics Core  
  20  1:39  Probe  
  21  1:42  Assimilator  
  21  1:51  Pylon, Probe  
  22  1:59  Adept  
  22  2:04  Probe  
  25  2:16  Probe  
  25  2:19  Adept  
  26  2:22  Stargate  
  26  2:28  Probe  
  29  2:32  Probe  
  29  2:36  Warp Gate  
  30  2:40  Probe x2  
  31  2:49  Adept  
  31  2:50  Probe  
  34  2:52  Probe  
  36  3:02  Oracle, Probe  
  36  3:04  Probe  
  38  3:11  Pylon  
  41  3:15  Probe  
  41  3:16  Probe  
  43  3:22  Gateway  
  43  3:27  Probe  
  44  3:29  Probe  
  44  3:33  Twilight Council  
  45  3:39  Probe  
  45  3:41  Probe  
  47  3:47  Gateway  
  47  3:49  Gateway  
  47  3:51  Probe  
  47  3:54  Resonating Glaives  
  48  4:02  Nexus  
  48  4:06  Pylon, Probe  
  48  4:08  Probe  
  50  4:20  Probe x2  
  52  4:25  Pylon  
  52  4:27  Pylon  
  52  4:32  Probe  
  52  4:33  Probe  
  52  4:36  Adept x2  
  52  4:38  Pylon  
  58  4:42  Adept  
  58  4:44  Probe  
  58  4:45  Probe  
  62  4:53  Adept  
  62  4:57  Probe x2  
  62  4:58  Adept x2  
  70  5:00  Shield Battery  
  70  5:07  Probe, Adept  
  70  5:09  Probe  
  70  5:12  Probe  
  74  5:17  Forge, Probe  
  74  5:21  Probe  
  76  5:23  Probe  
  78  5:28  Robotics Facility  
  78  5:32  Pylon  
  73  5:38  Probe x2  
  73  5:41  Stalker x3  
  66  5:44  Stalker  
  68  5:50  Probe x3  
  68  5:53  Assimilator  
  68  5:54  Assimilator  
  71  5:58  Assimilator  
  71  6:00  Assimilator  
  71  6:02  Probe  
  69  6:10  Probe x2  
  55  6:14  Stalker x3  
Show
View Real Time Build Order
Export as new Build Order

LiquidElazer Zerg - Winner!

Build Orders: Hatch First 

Get SALT Encoding   

  12  0:00  Drone  
  13  0:08  Drone  
  14  0:14  Extractor  
  14  0:15  Drone  
  15  0:21  Overlord  
  15  0:40  Drone  
  16  0:45  Hatchery  
  16  0:48  Drone  
  16  0:52  Drone  
  16  0:56  Drone  
  18  1:07  Extractor  
  17  1:11  Spawning Pool  
  17  1:14  Drone  
  17  1:18  Drone  
  18  1:27  Drone  
  19  1:38  Drone  
  20  1:48  Drone  
  21  1:58  Queen x2  
  21  1:59  Zergling x2  
  21  2:00  Overlord  
  26  2:09  Drone  
  26  2:10  Drone  
  26  2:12  Metabolic Boost  
  28  2:19  Drone x2  
  30  2:29  Drone  
  31  2:30  Drone  
  31  2:34  Queen  
  34  2:44  Hatchery  
  34  2:48  Overlord  
  34  2:51  Zergling x2  
  34  2:53  Zergling x2  
  34  2:55  Zergling x2  
  36  3:07  Drone x6  
  42  3:15  Drone x2  
  44  3:23  Overlord  
  44  3:27  Spore Crawler  
  44  3:29  Spore Crawler  
  44  3:32  Drone x2  
  44  3:36  Overlord  
  44  3:42  Drone x6  
  44  3:43  Drone  
  44  3:45  Drone  
  52  3:49  Spore Crawler  
  51  3:57  Drone x3  
  54  4:04  Drone  
  54  4:07  Drone x2  
  54  4:08  Drone  
  58  4:10  Drone x5  
  63  4:20  Drone x2, Overlord  
  65  4:25  Baneling Nest  
  64  4:32  Overlord  
  64  4:35  Zergling x4  
  66  4:38  Extractor  
  66  4:40  Zergling x6  
  66  4:41  Extractor  
  66  4:43  Zergling x12  
  73  4:46  Hatchery  
  73  4:47  Zergling x4  
  73  4:52  Overlord  
  74  4:54  Zergling x6  
  77  5:05  Overlord  
  77  5:09  Zergling x4  
  77  5:12  Baneling x7  
  77  5:13  Zergling x6  
  82  5:15  Zergling x8  
  82  5:18  Zergling x4  
  82  5:19  Baneling x2  
  87  5:25  Overlord  
  87  5:28  Zergling x10  
  83  5:43  Overlord  
  83  5:44  Baneling x2  
  83  5:47  Baneling  
  83  5:49  Drone x8  
  91  5:50  Drone  
  91  5:53  Baneling x4  
  91  5:55  Overlord  
  92  5:57  Drone  
  92  5:58  Drone  
  87  6:14  Extractor  
Tags
 
Add a new tag
Caveats
  • Supply blocks, unpowered buildings, or Contaminate may cause inaccurate times.
  • Supply counts are checked every 10 seconds.